 Dungeon Crawl Stone Soup version 0.19-a0-231-gae044c8 (webtiles) character file.

863 knonme the Cruncher (level 8, 0/44 HPs)
             Began as a Gargoyle Gladiator on May 25, 2016.
             Slain by a human zombie (2 damage)
             ... in an ossuary.
             The game lasted 00:13:34 (3355 turns).

knonme the Cruncher (Gargoyle Gladiator)            Turns: 3355, Time: 00:13:34

Health: 0/44       AC: 13    Str: 18    XL:     8   Next: 2%
Magic:  8/8        EV:  7    Int: 17    God:
Gold:   220        SH:  7    Dex: 13    Spells: 0 memorised, 7 levels left

rFire  x . .     SeeInvis .     w - +1 flail of Destiny {flame, rF- rC++ Dex+3}
rCold  + + .     Gourm    .     s - +0 scale mail
rNeg   + . .     Faith    +     u - +0 shield (curse)
rPois  ∞         Spirit   .     c - +1 helmet
rElec  +         Dismiss  .     (no cloak)
rCorr  .         Reflect  .     (no gloves)
SustAt .         Harm     .     (no boots)
MR     .....                    v - amulet of faith
Stlth  ..........               (no ring)
                                (no ring)

@: brilliant, about to teleport, flying, not resistant to hostile enchantments,
extremely unstealthy
A: negative energy resistance 1, electricity resistance, unbreathing,
petrification resistance, rot immunity, AC +5
a: no special abilities


You were in an ossuary.
You were hungry.

You visited 1 branch of the dungeon, and saw 5 of its levels.
You also visited: Ossuary.

You collected 220 gold pieces.

Inventory:

Hand Weapons
 a - a +0 quarterstaff
 w - the +1 flail of Destiny (weapon) {flame, rF- rC++ Dex+3}
   (You found it on level 4 of the Dungeon)

   It has been specially enchanted to burn those struck by it, causing extra
   injury to most foes and up to half again as much damage against particularly
   susceptible opponents.
   It affects your dexterity (+3).
   It makes you vulnerable to fire.
   It greatly protects you from cold.
Missiles
 d - a throwing net (quivered)
 m - 60 bolts
Armour
 b - a +0 leather armour
 c - a +1 helmet (worn)
 n - a +0 ring mail
 q - a +0 chain mail
 s - a +0 scale mail (worn)
 u - a cursed +0 shield (worn)
Jewellery
 p - an uncursed ring of protection from fire {unknown}
 v - an amulet of faith (around neck)
Wands
 x - a wand of paralysis (10/24)
 y - a wand of polymorph (10/24)
Scrolls
 g - 2 scrolls of identify
 j - a scroll of fear
 l - a scroll of teleportation
 r - a scroll of magic mapping
Comestibles
 f - 4 bread rations
 k - a meat ration
 t - 6 fruits


   Skills:
 + Level 2.1 Fighting
 + Level 9.3 Staves
 - Level 1.7 Throwing
 + Level 0.0 Armour
 * Level 2.4 Dodging


You had 7 spell levels left.
You didn't know any spells.

Dungeon Overview and Level Annotations

Branches:
Dungeon (5/15)
 Temple: D:4-7

Altars:
Dithmenos
Qazlal
Xom
Zin


Innate Abilities, Weirdness & Mutations

You are resistant to torment.
Your stone body is resilient (AC +5).
You are immune to poison.
You resist negative energy. (rN+)
You are resistant to electric shocks. (rElec)
You can survive without breathing.
You are immune to petrification.
You are immune to rotting.


Message History

You have reached level 8!
You feel clever.
Drink which item? (? for menu, Esc to quit)
It was a potion of flight.
You feel very buoyant.
You fly up into the air.
The human zombie hits you.
* * * LOW HITPOINT WARNING * * *
Drink which item? (? for menu, Esc to quit)
It was a potion of brilliance.
You feel clever all of a sudden. You block the human zombie's attack.
Drink which item? (? for menu, Esc to quit)
It was a potion of cure mutation.
It has a very clean taste.
You block the human zombie's attack.
Read which item? (? for menu, Esc to quit)
As you read the scroll of teleportation, it crumbles to dust.
You feel strangely unstable.
You thump the human zombie! You burn the human zombie.
The human zombie hits you.
You die...

#........8..8........#
#....................#
#...######..######...#
#...# #..# ..#...#
#...# #.^# #.#...#
#...#.####.Z####.#...#
#...#......ZZZ.ZZ#...#
#...#......Z####Z#...#
#...#.......#@Z#.#...#
#...#.......#..Z.#...#
#...#.....∩.######...#
#...####+.... #...#
#...# #...# #...#
#...# #...# #...#
#...##############...#
#....................#
#.........∩∩.........#


You could see a kobold zombie and a human zombie.

Vanquished Creatures
  Sigmund (D:3)
  A hippogriff (D:3)
  Blork the orc (D:5)
  An elf zombie (Ossuary)
  A hound (D:5)
  2 centaur zombies (Ossuary)
  A human zombie (Ossuary)
  An orc priest (D:4)
  An orc wizard (D:4)
  A worker ant (D:5)
  2 mummies (Ossuary)
  Robin (D:3)
  6 adders
  An ooze (D:5)
  An adder skeleton (D:5)
  3 worms
  2 giant geckos
  8 orcs
  2 giant cockroaches
  16 goblins
  8 hobgoblins
  9 jackals
  2 quokkas
  7 bats
  4 giant newts
  2 goblin zombies (Ossuary)
  8 hobgoblin zombies (Ossuary)
  8 kobolds
  11 kobold zombies (Ossuary)
  5 orc zombies (Ossuary)
  7 rats
  A rat zombie (Ossuary)
125 creatures vanquished.

Notes
Turn   | Place    | Note
--------------------------------------------------------------
     0 | D:1      | knonme the Gargoyle Gladiator began the quest for the Orb.
     0 | D:1      | Reached XP level 1. HP: 12/12 MP: 1/1
   124 | D:1      | Reached XP level 2. HP: 8/17 MP: 2/2
   596 | D:2      | Reached skill level 4 in Staves
   596 | D:2      | Reached XP level 3. HP: 21/21 MP: 3/3
   794 | D:2      | Found a stormy altar of Qazlal.
   796 | D:2      | Noticed an earth elemental
   796 | D:2      | Noticed a water elemental
   797 | D:2      | Noticed an air elemental
   797 | D:2      | Noticed a fire elemental
  1212 | D:2      | Reached XP level 4. HP: 24/26 MP: 4/4
  1266 | D:3      | Noticed Sigmund
  1275 | D:3      | Reached skill level 5 in Staves
  1285 | D:3      | Killed Sigmund
  1285 | D:3      | Reached skill level 6 in Staves
  1285 | D:3      | Reached XP level 5. HP: 25/30 MP: 5/5
  1285 | D:3      | Reached XP level 6. HP: 29/35 MP: 6/6
  1339 | D:3      | Found a faded altar to an unknown god.
  1569 | D:3      | Noticed a hippogriff
  1571 | D:3      | Noticed Robin
  1607 | D:3      | Killed a hippogriff
  1607 | D:3      | Reached skill level 7 in Staves
  1625 | D:3      | Killed Robin
  1804 | D:3      | Reached XP level 7. HP: 38/40 MP: 7/7
  2042 | D:4      | Got a transparent flail
  2043 | D:4      | Identified the cursed +1 flail of Destiny {flame, rF- rC++ Dex+3} (You found it on level 4 of the Dungeon)
  2477 | D:4      | Found a shadowy altar of Dithmenos.
  2558 | D:4      | Reached skill level 8 in Staves
  2833 | D:5      | Entered Level 5 of the Dungeon
  2912 | D:5      | Noticed Blork the orc
  2931 | D:5      | Killed Blork the orc
  2940 | D:5      | Found a glowing silver altar of Zin.
  2940 | D:5      | Found a shimmering altar of Xom.
  2940 | D:5      | Noticed an angel
  3122 | D:5      | Found a sand-covered staircase.
  3165 | Ossuary  | Entered an ossuary
  3306 | Ossuary  | Reached skill level 9 in Staves
  3347 | Ossuary  | Reached XP level 8. HP: 6/44 MP: 8/8
  3348 | Ossuary  | HP: 1/44 [human zombie (5)]
  3355 | Ossuary  | Slain by a human zombie

Vault maps used:
D:1:      minmay_arrival_glassed_features
D:2:      nicolae_qazlal_style_of_elements
D:3:      first_bread, ecumenical_altar_1, uniq_sigmund, uniq_robin
D:4:      kennysheep_mini_moat
D:5:      grunt_temple_overflow_order_and_chaos_1, nicolae_ossuary_entry_ruins,
          grunt_ministairs_10, uniq_blork_the_orc
Ossuary:  ossuary_tomb_1

Skill      XL: |  1  2  3  4  5  6  7 |
---------------+----------------------+-----
Staves         | 4 6 7 9 |  9.3
Fighting       | |  2.1
Throwing       | |  1.7
Dodging        | |  2.4

Action                   |  1- 3 |  4- 6 |  7- 9 || total
-------------------------+-------+-------+-------++-------
Melee: Quarterstaff      |   136 |   102 |     3 ||   241
       Flail             |       |       |   193 ||   193
Throw: Throwing net      |       |     3 |       ||     3
  Use: Scroll            |       |     1 |     8 ||     9
       Potion            |       |       |     4 ||     4
 Stab: Held in net/web   |       |     1 |       ||     1
  Eat: Chunk             |     1 |     2 |     5 ||     8
Armor: Leather armour    |    18 |       |       ||    18
       Ring mail         |    26 |       |       ||    26
       Chain mail        |     9 |    72 |     8 ||    89
       Scale mail        |       |       |    83 ||    83
Dodge: Dodged            |    79 |    29 |    54 ||   162
Block: Shield            |       |       |    58 ||    58
